 Dungeon Crawl Stone Soup version 0.26.1-2-gb8aa6d0cf2 (webtiles) character file.

Game seed: 8992836171510359110

5303 Gadfly the Cutter (level 10, -5/98 HPs)
             Began as a Troll Artificer on Feb 25, 2021.
             Was an Initiate of Gozag.
             Slain by a death yak (23 damage)
             ... on level 9 of the Dungeon.
             The game lasted 00:16:20 (10163 turns).

Gadfly the Cutter (Troll Artificer)                Turns: 10163, Time: 00:16:20

Health: -5/98      AC:  6    Str: 24    XL:     10   Next: 37%
Magic:  9/9        EV: 10    Int:  7    God:    Gozag
Gold:   844        SH:  5    Dex: 11    Spells: 7/9 levels left

rFire    . . .     SeeInvis .   b - +2 rapier (venom)
rCold    . . .     Faith    .   (no shield)
rNeg     . . .     Spirit   .   f - +0 robe
rPois    .         Reflect  +   (helmet restricted)
rElec    .         Harm     .   (no cloak)
rCorr    .         Rampage  .   (gloves unavailable)
Will     ++...                  (boots unavailable)
Stlth    +.........             v - amulet of reflection
HPRegen  0.66/turn              h - ring of willpower
MPRegen  0.11/turn              s - ring of willpower

@: no status effects
A: large, unfitting armour, claws 3, regeneration 1, shaggy fur 1, tough skin 3
a: Renounce Religion, Potion Petition, Call Merchant, Bribe Branch


You were on level 9 of the Dungeon.
You worshipped Gozag.
Gozag was pleased with you.
You visited 2 branches of the dungeon, and saw 11 of its levels.

You collected 1199 gold pieces.
You spent 243 gold pieces at shops.
You paid 112 gold pieces to Gozag.

Inventory:

Hand Weapons
 a - a +0 morningstar
 b - a +2 rapier of venom (weapon)
 k - a +1 whip of flaming
 t - a +0 dire flail
Armour
 f - a +0 robe (worn)
Jewellery
 h - a ring of willpower (left claw)
 o - an uncursed ring of see invisible
 s - a ring of willpower (right claw)
 u - an uncursed amulet of the acrobat
 v - an amulet of reflection (around neck)
Wands
 c - a wand of flame (12) (quivered)
 d - a wand of enslavement (15)
 e - a wand of random effects (13)
Scrolls
 g - 5 scrolls of remove curse
 i - 2 scrolls of fear
 j - a scroll of enchant weapon
 m - a scroll of silence
 n - 4 scrolls of teleportation
 q - a scroll of identify
 y - a scroll of magic mapping
Potions
 l - 3 potions of attraction
 p - 3 potions of curing
 r - 6 potions of heal wounds
 w - 2 potions of lignification
 x - a potion of berserk rage


   Skills:
 + Level 5.7 Fighting
 * Level 7.5 Short Blades
 + Level 5.8 Armour
 - Level 1.9 Dodging
 - Level 0.3 Stealth
 + Level 6.3 Evocations


You had 7 spell levels left.
You knew the following spells:

 Your Spells              Type           Power        Failure   Level
a - Swiftness             Air            0%           56%         2

Your spell library contained the following spells:

 Spells                   Type           Power        Failure   Level
 Shock                    Conj/Air       0%           43%         1
 Static Discharge         Conj/Air       0%           80%         3
 Airstrike                Air            0%           99%         4
 Lightning Bolt           Conj/Air       0%           100%        5


Dungeon Overview and Level Annotations

Branches:
Dungeon (10/15)            Temple (1/1) D:6            Lair (0/6) D:10
    Orc: D:9-12

Altars:
Ashenzari
Cheibriados
Dithmenos
Elyvilon
Fedhas
Gozag
Hepliaklqana
Kikubaaqudgha
Makhleb
Nemelex Xobeh
Okawaru
Qazlal
Ru
Sif Muna
Trog
Uskayaw
Vehumet
Wu Jian
Xom
Yredelemnul
Zin
The Shining One

Shops:
D:4 ?   D:8 !


Innate Abilities, Weirdness & Mutations

You are too large for most types of armour.
You have claws for hands.
Your natural rate of healing is unusually fast.
You are covered in fur. (AC +1)
You have extremely tough skin. (AC +3)


Message History

You are too injured to fight recklessly!
You are too injured to fight recklessly!
You hit the death yak but do no damage.
The death yak looks as sick as possible!
The death yak is moderately wounded.
The death yak gores you!!
* * * LOW HITPOINT WARNING * * *
You hit the death yak.
The death yak looks as sick as possible!
The death yak is moderately wounded.
The death yak gores you!
* * * LOW HITPOINT WARNING * * *
There is a stone staircase leading up here.
The death yak barely misses you.
You climb upwards.
There is a stone staircase leading down here.
There is a stone staircase leading down here.
The death yak gores you!!
You die...
Your body crumbles into a pile of gold.

#.....##...##)....##.
#.....#######.>...##.
#.....#...........###
#....('...........#
#.>..(##..........#
#.....##..........#
#..>...#..........#
#..Y..#######.....#
#...@.## #.....#
#....(.# #######
#......# #......#
########


You could see a death yak (very poisoned).

Vanquished Creatures
  A death yak (D:9)
  Pikel (D:3)
  An unseen horror (D:10)
  A harpy skeleton (D:10)
  A hornet (D:8)
  2 water moccasins
  3 sky beasts
  A black bear (D:9)
  A phantom (D:4)
  3 orc warriors
  A necrophage (D:6)
  2 ice beasts
  8 centaurs
  An ogre (D:9)
  A big kobold (D:7)
  4 bullfrogs
  3 scorpions
  2 killer bees
  A howler monkey (D:5)
  A bullfrog zombie (D:5)
  A jelly (D:8)
  A bullfrog skeleton (D:8)
  3 hounds
  3 orc wizards
  3 iguanas
  3 worker ants
  A hound zombie (D:9)
  A hound skeleton (D:7)
  A howler monkey skeleton (D:5)
  3 gnolls (D:2)
  15 adders
  2 shadow imps (D:7)
  A white imp (D:5)
  An ufetubus (D:7)
  An adder zombie (D:9)
  An adder skeleton (D:10)
  3 worms
  A dart slug (D:1)
  3 leopard geckos
  19 orcs
  5 giant cockroaches
  9 goblins
  5 hobgoblins
  10 jackals
  7 kobolds
  3 quokkas
  A ball python (D:2)
  10 bats
  7 frilled lizards
  2 jackal zombies
  2 quokka zombies
  6 rats
173 creatures vanquished.

Vanquished Creatures (others)
  A plant (D:6)
1 creature vanquished.

Grand Total: 174 creatures vanquished

Notes
Turn   | Place    | Note
-------+----------+-------------------------------------------
     0 | D:1      | Gadfly the Troll Artificer began the quest for the Orb.
     0 | D:1      | Reached XP level 1. HP: 18/18 MP: 0/0
    84 | D:1      | Reached skill level 1 in Fighting
    86 | D:1      | Reached XP level 2. HP: 24/27 MP: 1/1
   332 | D:1      | Reached skill level 1 in Short Blades
   332 | D:1      | Reached skill level 1 in Armour
   748 | D:2      | Reached XP level 3. HP: 20/33 MP: 2/2
  1356 | D:2      | You fall into a shaft and drop 1 floor!
  1553 | D:2      | Reached XP level 4. HP: 5/41 MP: 3/3
  2225 | D:2      | Reached skill level 2 in Short Blades
  2889 | D:4      | Noticed Pikel
  2889 | D:4      | Noticed a lemure
  2889 | D:4      | Noticed a lemure
  2889 | D:4      | Noticed a lemure
  2889 | D:4      | Noticed a lemure
  2912 | D:3      | Killed Pikel
  2913 | D:3      | Reached skill level 3 in Short Blades
  2913 | D:3      | Reached XP level 5. HP: 11/53 MP: 4/4
  2913 | D:3      | Reached XP level 6. HP: 13/61 MP: 5/5
  2913 | D:3      | Reached XP level 7. HP: 14/67 MP: 6/6
  3347 | D:4      | Found Pox Fous's Magic Scroll Shoppe.
  3350 | D:4      | Bought a scroll of silence for 90 gold pieces
  3350 | D:4      | Bought a scroll of teleportation for 36 gold pieces
  3682 | D:4      | Found an iron altar of Okawaru.
  3694 | D:4      | Reached skill level 4 in Short Blades
  3973 | D:5      | Entered Level 5 of the Dungeon
  4109 | D:5      | Reached XP level 8. HP: 70/78 MP: 7/7
  4303 | D:5      | Found a shimmering altar of Xom.
  4503 | D:5      | Found a broken altar of Ashenzari.
  5073 | D:6      | Found a staircase to the Ecumenical Temple.
  5089 | Temple   | Entered the Ecumenical Temple
  5279 | Temple   | Became a worshipper of Gozag Ym Sagoz the Greedy
  6263 | D:6      | Reached skill level 5 in Short Blades
  6782 | D:7      | You fall into a shaft and drop 1 floor!
  6806 | D:8      | Reached XP level 9. HP: 78/85 MP: 8/8
  6853 | D:8      | Noticed a wolf spider
  6861 | D:8      | Noticed a purple ugly thing
  6863 | D:8      | Noticed a cyan ugly thing
  6912 | D:8      | Found Musonkow's Distillery.
  6925 | D:8      | Bought a potion of degeneration for 13 gold pieces
  6925 | D:8      | Bought a potion of lignification for 39 gold pieces
  6925 | D:8      | Bought a potion of berserk rage for 65 gold pieces
  7115 | D:7      | Reached skill level 5 in Evocations
  7671 | D:8      | Noticed a two-headed ogre
  7727 | D:8      | HP: 2/85 [two-headed ogre/+0 giant club (6)]
  8032 | D:8      | Paralysed by a hornet for 3 turns
  8037 | D:8      | Paralysed by a hornet for 3 turns
  8046 | D:8      | HP: 4/85 [poisoned by a hornet]
  8051 | D:8      | HP: 4/85 [poisoned by a hornet]
  8057 | D:8      | HP: 4/85 [poisoned by a hornet]
  8204 | D:8      | Found a glowing silver altar of Zin.
  8348 | D:9      | Reached skill level 6 in Short Blades
  8546 | D:9      | Reached skill level 5 in Armour
  8568 | D:9      | Reached skill level 5 in Fighting
  9274 | D:10     | Entered Level 10 of the Dungeon
  9449 | D:9      | Reached XP level 10. HP: 21/96 MP: 9/9
  9671 | D:10     | Noticed an unseen horror
  9684 | D:10     | Killed an unseen horror
  9685 | D:10     | Reached skill level 7 in Short Blades
  9789 | D:10     | Learned a level 2 spell: Swiftness
  9825 | D:10     | Noticed a death yak
  9827 | D:10     | Found a staircase to the Lair.
  9827 | D:10     | Noticed a death yak
  9830 | D:10     | Noticed a death yak
  9865 | D:9      | HP: 3/96 [killer bee (6)]
  9872 | D:9      | Killed a death yak
 10138 | D:10     | HP: 1/98 [death yak (17)]
 10163 | D:9      | Slain by a death yak

Illustrated notes

Levels and vault maps discovered:
D:1:      sevenhm_arrival_forest_fort_small_4, layout_loops_ring,
          minmay_misc_feat_enclosed
D:2:      layout_basic, nrook_mini_backslash
D:3:      layout_basic
D:4:      layout_basic, serial_shops, nicolae_shop_behind_doors,
          okawaru_trees_1, uniq_pikel
D:5:      layout_basic, basic_altar, grunt_decor_mini_mirrors,
          nicolae_ashenzari_panopticon
D:6:      layout_cave_pods, minmay_temple_entry_gardened_gates,
          serial_column_ruins, column_ruins_hut, column_ruins_hut,
          column_ruins_corridor_straight, column_ruins_corridor_T,
          column_ruins_open_tiny, column_ruins_open_medium
D:7:      layout_basic
D:8:      layout_rooms, zin_treasury, serial_shops,
          nicolae_shop_window_shopping, onia_ninara_dug_in_and_dangerous
D:9:      layout_gridville, minmay_misc_feat_nine_boxes, minmay_misc_feat_iff,
          minivault_27
D:10:     layout_irregular_city, dpeg_lair_monsters, serial_shops, shop,
          serial_column_ruins, column_ruins_hut, column_ruins_open_medium,
          column_ruins_grid_4, column_ruins_open_small,
          column_ruins_columns_straight, column_ruins_grid_1
Temple:   kilobyte_greek_temple

Skill      XL: |  1  2  3  4  5  6  7  8  9 10 |
---------------+-------------------------------+-----
Fighting       | 1 3 4 5 |  5.7
Short Blades   | 1 3 4 5 6 7 |  7.5
Armour         | 1 3 4 5 |  5.8
Evocations     | 3 4 6 |  6.3
Dodging        | |  1.9
Stealth        | |  0.3

Action                   |  1- 3 |  4- 6 |  7- 9 | 10-12 || total
-------------------------+-------+-------+-------+-------++-------
Melee: Club              |   112 |       |       |       ||   112
       Whip              |   101 |       |    22 |       ||   123
       Flail             |    47 |   122 |     9 |       ||   178
       Rapier            |       |       |   385 |    51 ||   436
       Dire flail        |       |       |    41 |       ||    41
Evoke: Wand              |       |     2 |     9 |       ||    11
  Use: Scroll            |     3 |     3 |     7 |       ||    13
       Potion            |       |     1 |     1 |     1 ||     3
 Stab: Paralysed         |       |     5 |       |       ||     5
       Sleeping          |       |     1 |     1 |       ||     2
       Distracted        |       |       |     1 |       ||     1
Armor: Robe              |   146 |    41 |   134 |    10 ||   331
Dodge: Dodged            |   176 |    85 |   229 |    23 ||   513
Block: Other             |       |       |    55 |    14 ||    69
       Reflection        |       |       |     5 |     1 ||     6
